 Dungeon Crawl Stone Soup version 0.23-a0-422-g30b1108 (webtiles) character file.

5093 aTarkinC the Arsonist (level 10, -19/52 HPs)
             Began as a Gargoyle Fire Elementalist on Nov 15, 2018.
             Was a Follower of Vehumet.
             Killed themself with a badly aimed iceblast (20 damage)
             ... in a volcano.
             The game lasted 00:52:37 (11663 turns).

aTarkinC the Arsonist (Gargoyle Fire Elementalist) Turns: 11663, Time: 00:52:37

Health: -19/52     AC: 12    Str: 12    XL:     10   Next: 57%
Magic:  6/20       EV: 12    Int: 19    God:    Vehumet [*.....]
Gold:   123        SH:  4    Dex: 10    Spells: 0/23 levels left

rFire    + + .     SeeInvis .   b - staff of conjuration
rCold    . . .     Gourm    .   x - +0 buckler
rNeg     + . .     Faith    .   e - +0 robe
rPois    ∞         Spirit   .   G - +1 helmet
rElec    +         Reflect  .   D - scarf {rC+ rF+}
rCorr    .         Harm     .   T - +0 pair of gloves
MR       .....                  (no boots)
Stlth    ++++......             (no amulet)
HPRegen  0.17/turn              q - ring of stealth
MPRegen  0.17/turn              N - ring of fire

@: no status effects
A: negative energy resistance 1, electricity resistance, unbreathing,
petrification resistance, rot immunity, AC +7
a: Renounce Religion


You were in a volcano.
You worshipped Vehumet.
Vehumet was aware of your devotion.
You were not hungry.

You visited 3 branches of the dungeon, and saw 12 of its levels.
You also visited: Volcano.

You collected 618 gold pieces.
You spent 495 gold pieces at shops.

Inventory:

Missiles
 s - 3 throwing nets
 y - 4 tomahawks of dispersal (quivered)
 O - 5 javelins
Armour
 e - a +0 robe (worn)
 x - a +0 buckler (worn)
 D - a scarf of resistance (worn)
 G - a +1 helmet (worn)
 T - a +0 pair of gloves (worn)
Magical Staves
 a - an uncursed staff of wizardry
 b - an uncursed staff of conjuration (weapon)
 V - an uncursed staff of cold
 W - an uncursed staff of summoning
Jewellery
 q - a ring of stealth (left hand)
 v - an uncursed amulet of the acrobat {unknown}
 B - a cursed ring of positive energy
 K - a +2 ring of dexterity
 N - a ring of fire (right hand)
 Y - a +2 ring of evasion
Wands
 M - a wand of random effects (21)
Scrolls
 d - 2 scrolls of fear
 f - 3 scrolls of immolation
 h - 3 scrolls of teleportation {unknown}
 j - 3 scrolls of fog {unknown}
 l - 5 scrolls of remove curse
 p - a scroll of blinking
 A - a scroll of vulnerability
 C - 2 scrolls of enchant armour {unknown}
 H - 2 scrolls of magic mapping {unknown}
 I - a scroll of brand weapon {unknown}
 J - 4 scrolls of enchant weapon
 P - a scroll of amnesia
 Q - a scroll of noise {unknown}
 S - a scroll of torment {unknown}
Potions
 i - a potion of brilliance
 k - 2 potions of berserk rage {unknown}
 m - a potion of resistance
 n - 2 potions of lignification
 o - a potion of flight
 r - 2 potions of magic {unknown}
 t - 2 potions of might {unknown}
 w - 5 potions of heal wounds {unknown}
 z - 2 potions of agility {unknown}
 F - a potion of mutation {unknown}
 L - a potion of haste {unknown}
Comestibles
 c - 9 rations


   Skills:
 - Level 1.1 Fighting
 - Level 2.0 Dodging
 + Level 6.6 Stealth
 + Level 4.7 Shields
 * Level 7.0 Spellcasting
 * Level 8.1 Conjurations
 - Level 2.0 Translocations
 * Level 8.1 Fire Magic
 * Level 0.4 Ice Magic
 + Level 1.3 Air Magic
 + Level 1.5 Poison Magic
 - Level 1.0 Evocations


You couldn't memorise any spells.
You knew the following spells:

 Your Spells              Type           Power        Failure   Level  Hunger
a - Flame Tongue          Conj/Fire      #####        1%          1    None
c - Conjure Flame         Conj/Fire      ######..     1%          3    #......
d - Mephitic Cloud        Conj/Pois/Air  ####....     7%          3    #......
e - Freezing Cloud        Conj/Ice/Air   ####......   99%         6    ######.
f - Fireball              Conj/Fire      ######....   10%         5    #####..
n - Apportation           Tloc           ##....       4%          1    None
s - Sticky Flame          Conj/Fire      ######..     3%          4    ###....

Your spell library contained the following spells:

 Spells                   Type           Power        Failure   Level  Hunger
 Sandblast                Erth           #.....       10%         1    None
 Throw Flame              Conj/Fire      ######       1%          2    None
 Inner Flame              Hex/Fire       ####....     5%          3    #......
 Poisonous Vapours        Pois/Air       ##....       9%          2    None
 Animate Skeleton         Necr           N/A          10%         1    None
 Confusing Touch          Hex            #.....       10%         1    None
 Summon Small Mammal      Summ           #...         10%         1    None
 Ring of Flames           Chrm/Fire      ####......   100%        7    #######


Dungeon Overview and Level Annotations

Branches:
Dungeon (10/15)            Temple (1/1) D:4            Lair (1/6) D:9
    Orc: D:9-12

Altars:
Ashenzari
Cheibriados
Dithmenos
Elyvilon
Fedhas
Gozag
Hepliaklqana
Kikubaaqudgha
Makhleb
Nemelex Xobeh
Okawaru
Qazlal
Ru
Sif Muna
Trog
Uskayaw
Vehumet
Wu Jian
Xom
Yredelemnul
Zin
The Shining One

Shops:
D:5 (   D:9 :}


Innate Abilities, Weirdness & Mutations

You are resistant to torment.
Your stone body is resilient. (AC +7)
You are immune to poison.
You resist negative energy. (rN+)
You are resistant to electric shocks. (rElec)
You can survive without breathing.
You are immune to petrification.
You are immune to rotting.


Message History

Aim: a flying skull (almost destroyed)
The flying skull seems to speed up.
The flying skull barely misses you. You block the flying skull's attack.
There's nothing to close nearby.
You can't memorise that many levels of magic yet!
Evoke which item? (* to show all) (? for menu, Esc to quit)
Aiming: Random Effects
Press: ? - help, Shift-Dir - straight line, f/p - flying skull
Aim: a flying skull (almost destroyed, fast)
The flying skull looks slightly unstable.
The flying skull misses you.
The flying skull hits you but does no damage.
Evoke which item? (* to show all) (? for menu, Esc to quit)
Aiming: Random Effects
Press: ? - help, Shift-Dir - straight line, f/p - flying skull
Aim: a flying skull (almost destroyed, fast)
The mass of ice explodes!
The iceblast engulfs the flying skull.
The flying skull is almost destroyed.
The iceblast engulfs you!
You die...

≈≈## ≈§≈≈≈# §§§§≈≈≈≈## #
≈§§≈≈≈≈§≈≈## #.#
≈≈§§§≈≈≈≈≈§.### ...
§≈§≈≈≈≈§≈≈..#.## ..
≈≈§§≈≈≈≈≈§...≈.###.#Z.#.
≈≈§§≈≈§≈≈§≈.§..z@+...z..
≈≈§§§≈≈≈≈§§.§≈§###.#Z.#.
≈≈§§≈≈≈§....#§## ..
≈§§≈.§.....#### ...
§.§.....#### .##
..§§..### # ..§§###
..§## ####


You could see a flying skull.

Vanquished Creatures
  Harold (D:9)
  Erica (D:8)
  A troll (D:9)
  2 hippogriffs
  Sigmund (D:2)
  3 hungry ghosts
  Menkaure (D:7)
  An orc warrior (D:7)
  A phantom (D:9)
  2 ice beasts
  3 ogres
  A centaur (D:5)
  Blork the orc (D:5)
  A big kobold (D:8)
  5 bullfrogs
  A wyvern skeleton (D:6)
  3 scorpions
  3 howler monkeys
  A crimson imp (D:5)
  A bullfrog zombie (D:4)
  An orc priest (D:4)
  2 hounds
  A jelly (D:9)
  4 orc wizards
  Natasha (thrice) (D:2)
  A bullfrog skeleton (D:7)
  2 centaur skeletons
  4 iguanas
  3 worker ants
  A killer bee zombie (D:7)
  3 hound skeletons
  Robin (D:3)
  14 adders
  3 shadow imps
  An ooze (D:2)
  An adder zombie (D:8)
  An adder skeleton (D:6)
  3 worms
  5 dart slugs
  6 leopard geckos
  20 orcs
  3 giant cockroaches
  15 goblins
  10 hobgoblins
  11 jackals
  8 kobolds
  3 quokkas
  A ball python (D:1)
  7 bats
  5 frilled lizards
  A quokka skeleton (D:5)
  4 rats
182 creatures vanquished.

Vanquished Creatures (others)
  A flying skull (Volcano)
  6 plants (D:2)
7 creatures vanquished.

Grand Total: 189 creatures vanquished

Notes
Turn   | Place    | Note
-------+----------+-------------------------------------------
     0 | D:1      | aTarkinC the Gargoyle Fire Elementalist began the quest for
                  | the Orb.
     0 | D:1      | Reached XP level 1. HP: 10/10 MP: 3/3
   179 | D:1      | Reached XP level 2. HP: 9/15 MP: 1/5
   654 | D:2      | Noticed Natasha
   656 | D:2      | Noticed a crimson imp
   658 | D:2      | Noticed a crimson imp
   658 | D:2      | Killed Natasha
   658 | D:2      | Reached XP level 3. HP: 11/20 MP: 1/6
   685 | D:1      | Learned a level 3 spell: Conjure Flame
  1540 | D:2      | Noticed Natasha
  1544 | D:2      | Killed Natasha
  1544 | D:2      | Reached skill level 1 in Fighting
  1544 | D:2      | Reached XP level 4. HP: 21/25 MP: 3/7
  1559 | D:1      | Learned a level 4 spell: Sticky Flame
  2320 | D:2      | Noticed Natasha
  2330 | D:2      | Killed Natasha
  2330 | D:2      | Reached XP level 5. HP: 29/29 MP: 4/9
  2611 | D:2      | Noticed Sigmund
  3289 | D:2      | Killed Sigmund
  3289 | D:2      | Reached XP level 6. HP: 16/34 MP: 1/11
  3553 | D:2      | Found a faded altar of an unknown god.
  3844 | D:3      | Noticed Robin
  3856 | D:3      | Killed Robin
  4132 | D:3      | Reached XP level 7. HP: 38/38 MP: 10/12
  4164 | D:3      | Learned a level 5 spell: Fireball
  5059 | D:4      | Reached skill level 5 in Fire Magic
  5078 | D:4      | Reached skill level 1 in Shields
  5087 | D:4      | Reached skill level 1 in Evocations
  5337 | D:4      | Found a staircase to the Ecumenical Temple.
  5349 | Temple   | Entered the Ecumenical Temple
  5394 | Temple   | Became a worshipper of Vehumet
  5828 | D:4      | Found a white marble altar of Elyvilon.
  5981 | D:4      | Found a deep blue altar of Sif Muna.
  6026 | D:5      | Entered Level 5 of the Dungeon
  6107 | D:5      | Noticed Blork the orc
  6113 | D:5      | Killed Blork the orc
  6113 | D:5      | Reached XP level 8. HP: 34/43 MP: 8/14
  6286 | D:5      | Reached skill level 5 in Conjurations
  6412 | D:5      | Found Methru's Weapon Shop.
  7481 | D:6      | Reached skill level 5 in Spellcasting
  8288 | D:7      | Reached skill level 5 in Stealth
  8289 | D:7      | Noticed Menkaure
  8299 | D:7      | Killed Menkaure
  8299 | D:7      | Reached XP level 9. HP: 29/47 MP: 10/17
  9381 | D:8      | Reached * piety under Vehumet
  9381 | D:8      | Offered knowledge of Sandblast by Vehumet.
  9443 | D:8      | Learned a level 1 spell: Apportation
  9671 | D:8      | Noticed Erica
  9678 | D:8      | Killed Erica
  9678 | D:8      | Reached skill level 1 in Translocations
  9678 | D:8      | Reached XP level 10. HP: 47/52 MP: 2/19
 10108 | D:9      | Found Metacw's Book Emporium.
 10114 | D:9      | Bought a book of Clouds for 495 gold pieces
 10118 | D:9      | Learned a level 3 spell: Mephitic Cloud
 10566 | D:9      | Reached skill level 1 in Poison Magic
 11026 | D:9      | Noticed Harold
 11044 | D:9      | Killed Harold
 11044 | D:9      | Reached skill level 1 in Air Magic
 11123 | D:9      | Learned a level 6 spell: Freezing Cloud
 11175 | D:9      | Found Antymilal's Gadget Boutique.
 11188 | D:9      | Found a staircase to the Lair.
 11275 | D:10     | Entered Level 10 of the Dungeon
 11525 | Lair:1   | Entered Level 1 of the Lair of Beasts
 11543 | Lair:1   | Noticed a black mamba
 11588 | Lair:1   | Found a dark tunnel.
 11595 | Volcano  | Entered a volcano
 11652 | Volcano  | Noticed a skeletal warrior
 11660 | Volcano  | HP: 1/52 [flying skull (5)]
 11663 | Volcano  | Killed themself with a badly aimed iceblast

Vault maps used:
D:1:      dpeg_arrival_rhombus, minmay_misc_feat_ornament
D:2:      chequers_ecumenical_altar_lobes, uniq_sigmund, uniq_natasha
D:3:      first_ration, serial_bayou_ford_a, uniq_robin
D:4:      lemuel_blue_sif_altar, temple_hall, elyvilon_altar_5
D:5:      serial_shops, shop, minmay_fountain_box, uniq_blork_the_orc
D:7:      uniq_menkaure
D:8:      uniq_erica
D:9:      lair_entry_dummy, serial_shops, shop,
          nicolae_shop_temple_entry_statues_fountains, uniq_harold
D:10:     minmay_orc_entry_temple_small, uniq_nergalle
Temple:   kilobyte_greek_temple
Lair:1:   enter_volcano_1, chequers_serial_rivers_small_3, grunt_megastairs_4,
          uniq_urug
Volcano:  volcano_tomb

Skill      XL: |  1  2  3  4  5  6  7  8  9 10 |
---------------+-------------------------------+-----
Conjurations   | 2 3 4 6 7 8 |  8.1
Fighting       | 1 |  1.1
Dodging        | 2 |  2.0
Spellcasting   | 3 4 5 6 7 |  7.0
Stealth        | 3 4 5 6 |  6.6
Fire Magic     | 4 5 6 7 8 |  8.1
Shields        | 1 3 4 |  4.7
Evocations     | 1 |  1.0
Translocations | 1 2 |  2.0
Poison Magic   | 1 |  1.5
Air Magic      | 1 |  1.3
Ice Magic      | |  0.4

Action                   |  1- 3 |  4- 6 |  7- 9 | 10-12 || total
-------------------------+-------+-------+-------+-------++-------
Melee: Short sword       |    29 |       |       |       ||    29
       Dagger            |       |    73 |   128 |       ||   201
       Staff             |       |       |    30 |     8 ||    38
       Falchion          |       |       |     2 |       ||     2
 Cast: Flame Tongue      |    35 |    68 |   110 |    67 ||   280
       Sticky Flame      |       |     1 |    26 |    10 ||    37
       Conjure Flame     |       |       |    11 |     3 ||    14
       Fireball          |       |       |       |     1 ||     1
Evoke: Wand              |       |       |       |     6 ||     6
  Use: Scroll            |       |       |     9 |     5 ||    14
       Potion            |       |       |       |     7 ||     7
 Stab: Sleeping          |       |     1 |     3 |       ||     4
  Eat: Chunk             |     2 |     9 |    15 |     5 ||    31
       Ration            |       |       |     2 |     1 ||     3
Armor: Robe              |     9 |    48 |    75 |    31 ||   163
Dodge: Dodged            |    38 |   104 |   118 |    51 ||   311
Block: Buckler           |       |       |    19 |    13 ||    32

Table legend:
 A = Non-vault XP
 B = Vault XP
 C = Vault XP percentage of total XP
 D = Non-vault monster count
 E = Vault monster count
 F = Vault count percentage of total count
                 A         B        C        D         E       F
            +---------+---------+-------+---------+---------+-------
      Total |    4760 |    2516 |  34.6 |     163 |      20 |  10.9
            +---------+---------+-------+---------+---------+-------
        D:1 |      43 |       0 |   0.0 |      23 |       0 |   0.0
        D:2 |     191 |     279 |  59.4 |      24 |       2 |   7.7
        D:3 |      88 |      36 |  29.0 |      24 |      13 |  35.1
        D:4 |     512 |       0 |   0.0 |      23 |       0 |   0.0
        D:5 |     676 |      99 |  12.8 |      13 |       1 |   7.1
        D:6 |     355 |       0 |   0.0 |      10 |       0 |   0.0
        D:7 |     976 |     172 |  15.0 |      16 |       1 |   5.9
        D:8 |     562 |     892 |  61.3 |      13 |       1 |   7.1
        D:9 |    1318 |     976 |  42.5 |      16 |       1 |   5.9
       D:10 |      39 |       0 |   0.0 |       1 |       0 |   0.0
    Volcano |       0 |      62 | 100.0 |       0 |       1 | 100.0
            +---------+---------+-------+---------+---------+-------
